 Dungeon Crawl Stone Soup version 0.23-a0-32-g1388f29 (webtiles) character file.

38 Amnesiac the Magician (level 3, 0/24 HPs)
             Began as a Mummy Earth Elementalist on Aug 4, 2018.
             Slain by Blork the orc
             ... wielding a +0 mace
              (6 damage)
             ... on level 3 of the Dungeon.
             The game lasted 00:02:27 (678 turns).

Amnesiac the Magician (Mummy Earth Elementalist)     Turns: 678, Time: 00:02:28

Health: 0/24       AC:  2    Str: 11    XL:     3   Next: 25%
Magic:  0/7        EV: 12    Int: 15    God:
Gold:   23         SH:  0    Dex: 12    Spells: 2/8 levels left

rFire    x . .     SeeInvis .   d - +0 short sword
rCold    + . .     Gourm    .   (no shield)
rNeg     + + +     Faith    .   c - +0 robe
rPois    ∞         Spirit   .   (no helmet)
rElec    .         Reflect  .   (no cloak)
rCorr    .         Harm     .   (no gloves)
MR       .....                  (no boots)
Stlth    ++........             (no amulet)
HPRegen  0.08/turn              (no ring)
MPRegen  0.10/turn              (no ring)

@: no status effects
A: no food or potions, fire vulnerability, cold resistance 1, negative energy
resistance 3, torment resistance, unbreathing
a: no special abilities


You were on level 3 of the Dungeon.
You were not hungry.

You visited 1 branch of the dungeon, and saw 4 of its levels.

You collected 23 gold pieces.

Inventory:

Hand Weapons
 d - a +0 short sword (weapon)
 e - a +0 hunting sling
Missiles
 b - 22 stones (quivered)
Armour
 c - a +0 robe (worn)
Scrolls
 a - 3 scrolls of identify {!r, unknown}
 f - a scroll of teleportation {!r, unknown}


   Skills:
 - Level 1.5 Dodging
 - Level 1.5 Stealth
 + Level 3.3 Spellcasting
 - Level 0.7 Transmutations
 * Level 3.3 Earth Magic


You had 2 spell levels left.
You knew the following spells:

 Your Spells              Type           Power        Failure   Level  Hunger
a - Sandblast             Erth           ##....       4%          1    N/A
b - Passwall              Tmut/Erth      #.......     13%         2    N/A
c - Stone Arrow           Conj/Erth      #.....       28%         3    N/A

Your spell library contained the following spells:

 Spells                   Type           Power        Failure   Level  Hunger
 Lee's Rapid Deconstruct  Erth           ##........   80%         5    N/A
 Petrify                  Tmut/Erth      #.......     63%         4    N/A

Dungeon Overview and Level Annotations

Branches:
Dungeon (4/15)
 Temple: D:4-7

Altars:

Annotations:
D:3 Blork the orc


Innate Abilities, Weirdness & Mutations

You do not eat or drink.
Your flesh is vulnerable to fire.
You are immune to poison.
Your flesh is cold resistant. (rC+)
You are immune to negative energy. (rN+++)
You are immune to unholy pain and torment.
You can survive without breathing.


Message History

Blork the orc is heavily wounded.
b - 26 stones Blork the orc gestures at you while chanting.
The puff of frost misses you.
Unknown command.
Casting: Sandblast (safe; 4% risk of failure)
Confirm with . or Enter, or press ? or * to list all spells.
Aiming: Sandblast (safe; 4% risk of failure)
Press: ? - help, Shift-Dir - straight line, f/p - Blork the orc
Aim: Blork the orc, wielding a mace and wearing an embroidered robe (heavily wounded, fast)
The blast of sand hits Blork the orc.
Blork the orc is heavily wounded.
b - 25 stones Blork the orc points at you and mumbles some strange words.
The puff of frost hits you! You resist. Blork the orc hits you with a mace.
Casting: Sandblast (safe; 4% risk of failure)
Confirm with . or Enter, or press ? or * to list all spells.
Aiming: Sandblast (safe; 4% risk of failure)
Press: ? - help, Shift-Dir - straight line, f/p - Blork the orc
Aim: Blork the orc, wielding a mace and wearing an embroidered robe (heavily wounded, fast)
The blast of sand hits Blork the orc.
Blork the orc is almost dead.
b - 24 stones Blork the orc points at you and mumbles some strange words.
The puff of frost misses you.
Casting: Sandblast (safe; 4% risk of failure)
Confirm with . or Enter, or press ? or * to list all spells.
Aiming: Sandblast (safe; 4% risk of failure)
Press: ? - help, Shift-Dir - straight line, f/p - Blork the orc
Aim: Blork the orc, wielding a mace and wearing an embroidered robe (almost dead, fast)
The blast of sand hits Blork the orc.
Blork the orc is almost dead.
b - 23 stones Blork the orc hits you with a mace.
* * * LOW HITPOINT WARNING * * *
Blork the orc hits you but does no damage.
Casting: Sandblast (safe; 4% risk of failure)
Confirm with . or Enter, or press ? or * to list all spells.
You don't have enough magic to cast that spell.
Casting: Sandblast (safe; 4% risk of failure)
Confirm with . or Enter, or press ? or * to list all spells.
You don't have enough magic to cast that spell.
Casting: Sandblast (safe; 4% risk of failure)
Confirm with . or Enter, or press ? or * to list all spells.
You don't have enough magic to cast that spell.
You barely miss Blork the orc.
Blork the orc is almost dead.
Blork the orc begins to cast a cantrip, but forgets the words!
Casting: Sandblast (safe; 4% risk of failure)
Confirm with . or Enter, or press ? or * to list all spells.
Aiming: Sandblast (safe; 4% risk of failure)
Press: ? - help, Shift-Dir - straight line, f/p - Blork the orc
Aim: Blork the orc, wielding a mace and wearing an embroidered robe (almost dead, fast)
The blast of sand misses Blork the orc.
b - 22 stones Blork the orc hits you with a mace.
* * * LOW HITPOINT WARNING * * *
Unknown command.
You closely miss Blork the orc.
Blork the orc is almost dead.
Blork the orc hits you with a mace.
* * * LOW HITPOINT WARNING * * *
Blork the orc hits you with a mace.
You die...

.. ############.#
##............#
##..............
#..............#
#..............#
#..............#
#.......@o.....!
#########...............
#.....................##
!....................##
.........!...######.##
..)..........# ...
.............# ...
................ ...
.............##..


You could see Blork the orc.

Vanquished Creatures
  2 adders
  A leopard gecko (D:1)
  4 bats
  2 hobgoblins
  4 jackals (D:1)
  2 kobolds
  4 rats
19 creatures vanquished.

Notes
Turn   | Place    | Note
-------+----------+-------------------------------------------
     0 | D:1      | Amnesiac the Mummy Earth Elementalist began the quest for the Orb.
     0 | D:1      | Reached XP level 1. HP: 13/13 MP: 4/4
   128 | D:1      | Reached XP level 2. HP: 11/19 MP: 5/5
   132 | D:1      | Learned a level 2 spell: Passwall
   538 | D:3      | Reached XP level 3. HP: 23/24 MP: 5/7
   546 | D:3      | Learned a level 3 spell: Stone Arrow
   666 | D:4      | Noticed Blork the orc
   678 | D:3      | Slain by Blork the orc

Vault maps used:
D:1:      dpeg_arrival_chambers_temple_mockup, minmay_misc_feat_alley
D:2:      fedhas_altar_3, grunt_dithmenos_smoke
D:3:      grunt_qazlal_sundering, nicolae_overflow_crystal_walls, first_ration,
          skrybe_limestone_x
D:4:      kennysheep_small_spiral, kennysheep_another_room, uniq_pikel,
          uniq_blork_the_orc, uniq_natasha

Skill      XL: |  1  2 |
---------------+-------+-----
Earth Magic    | 3 |  3.3
Spellcasting   | 3 |  3.3
Dodging        | |  1.5
Stealth        | |  1.5
Transmutations | |  0.7

Action                   || total
-------------------------++-------
Melee: Short sword       ||    29
       Unarmed           ||     1
 Cast: Sandblast         ||    20
       Passwall          ||     2
 Stab: Sleeping          ||     1
Armor: Robe              ||    26
Dodge: Dodged            ||    56

Table legend:
 A = Spawn XP
 B = Non-spawn XP
 C = Spawn XP percentage of total XP
 D = Spawn monster count
 E = Non-spawn monster count
 F = Spawn count percentage of total count
 G = Total turns spent on level
                    A         B        C        D         E        F      G
               +---------+---------+-------+---------+---------+-------+---------
         Total |       0 |      55 |   0.0 |       0 |      19 |   0.0 |   678
               +---------+---------+-------+---------+---------+-------+---------
           D:1 |       0 |      20 |   0.0 |       0 |      11 |   0.0 |   355
           D:2 |       0 |      15 |   0.0 |       0 |       3 |   0.0 |   153
           D:3 |       0 |      20 |   0.0 |       0 |       5 |   0.0 |   166
               +---------+---------+-------+---------+---------+-------+---------
